 Dungeon Crawl Stone Soup version 0.18.1-48-g4cf74bf (webtiles) character file.

3904 Inkary the Fighter (level 10, -12/90 (91) HPs)
             Began as a Hill Orc Fighter on Aug 28, 2016.
             Was a Follower of Okawaru.
             Mangled by a thrashing horror (13 damage)
             ... on level 2 of the Abyss.
             The game lasted 00:16:45 (6963 turns).

Inkary the Fighter (Hill Orc Fighter)               Turns: 6963, Time: 00:16:46

HP:   -12/90 (91)   AC: 13    Str: 20      XL:     10   Next: 20%
MP:   0/10          EV:  8    Int:  8      God:    Okawaru [*.....]
Gold: 121           SH: 11    Dex: 16 (17) Spells: 1 memorised, 8 levels left

rFire  x . .     SeeInvis .     I - +1 flail of Eternal Harmony {vamp, +Fly rF- rC+}
rCold  + . .     Gourm    .     m - +2 scale mail {MR+}
rNeg   . . .     Faith    .     c - +0 shield
rPois  .         Spirit   +     r - +0 helmet
rElec  .         Dismiss  .     (no cloak)
rCorr  .         Reflect  .     G - +0 pair of gloves
SustAt .         Harm     .     (no boots)
MR     +....                    y - amulet of guardian spirit
Stlth  +.........               (no ring)
                                (no ring)

@: somewhat resistant to hostile enchantments, very unstealthy
A: camouflage 1, agile 2, deterioration 1
a: Heroism, Renounce Religion, Evoke Flight


You were on level 2 of the Abyss.
You worshipped Okawaru.
Okawaru was aware of your devotion.
You were not hungry.

You visited 2 branches of the dungeon, and saw 9 of its levels.
You visited the Abyss 1 time.
You also visited: Sewer and Ossuary.

You collected 526 gold pieces.
You spent 405 gold pieces at shops.

Inventory:

Hand Weapons
 q - a +1 war axe of flaming
 I - the +1 flail of Eternal Harmony (weapon) {vamp, +Fly rF- rC+}
   (You bought it in a shop on level 8 of the Dungeon)

   It inflicts no extra harm, but heals its wielder somewhat when it strikes a
   living foe.
   It makes you vulnerable to fire.
   It protects you from cold.
   It lets you fly.
Armour
 c - a +0 shield (worn)
 m - a +2 scale mail of magic resistance (worn)
 r - a +0 helmet (worn)
 v - a +2 chain mail of fire resistance
 G - a +0 pair of gloves (worn)
 H - a +0 pair of boots
Jewellery
 y - an amulet of guardian spirit (around neck)
 F - an uncursed amulet of the gourmand {unknown}
Wands
 w - a wand of slowing (8/48)
 x - a wand of paralysis (8/24)
 D - a wand of lightning (7/15)
Scrolls
 e - a scroll of blinking {unknown}
 i - 8 scrolls of remove curse
 n - 2 scrolls of random uselessness {unknown}
 p - 4 scrolls of amnesia {unknown}
 t - 4 scrolls of fear {unknown}
 u - a scroll of magic mapping {unknown}
 C - 3 scrolls of teleportation {unknown}
 J - a scroll of recharging {unknown}
 L - a scroll of identify
Potions
 b - 2 potions of mutation
 d - 3 potions of invisibility
 j - 5 potions of lignification
 k - 3 potions of agility {unknown}
 l - a potion of flight
 o - a potion of brilliance
 B - a potion of cure mutation
 E - 2 potions of curing
 K - a potion of heal wounds {unknown}
Books
 a - a book of Maledictions

   Spells                             Type                      Level
   a - Corona                         Hexes                        1
   b - Ensorcelled Hibernation        Hexes/Ice                    2
   c - Confuse                        Hexes                        3
   d - Tukima's Dance                 Hexes                        3
   e - Dazzling Spray                 Conjuration/Hexes            3
Comestibles
 f - 8 bread rations
 g - 2 royal jellies
 h - a slice of pizza
 s - 2 meat rations
 z - 3 fruits


   Skills:
 - Level 9.4 Fighting
   Level 4.8 Short Blades
 + Level 7.0 Axes
 - Level 0.7(3.6) Maces & Flails
 - Level 8.5 Armour
 - Level 8.5 Shields
 + Level 0.3 Spellcasting
 + Level 0.8 Hexes


You had 8 spell levels left.
You knew the following spells:

 Your Spells              Type           Power        Failure   Level  Hunger
a - Corona                Hex            #......      99%         1    ##.....


Dungeon Overview and Level Annotations

Branches:
Dungeon (8/15)             Temple (1/1) D:7
   Lair: D:8-11

Altars:
Ashenzari
Gozag
Kikubaaqudgha
Makhleb
Nemelex Xobeh
Okawaru
Pakellas
Qazlal
Trog
Vehumet
Xom
The Shining One

Shops:
D:5 *   D:6 =   D:8 *

Annotations:
D:8 Erolcha


Innate Abilities, Weirdness & Mutations

Your skin changes colour to match your surroundings (Stealth).
You are very agile. (Dex +4)
Your body sometimes deteriorates upon taking damage.


Message History

The thrashing horror tramples you but does no damage.
You block the thrashing horror's attack.
The anaconda skeleton grabs you.
The anaconda skeleton bites you but does no damage.
The anaconda skeleton constricts you.
A thrashing horror comes into view.
You escape the anaconda skeleton's grasp.
The thrashing horror roars!
You block the thrashing horror's attack. x2
The thrashing horror tramples you but does no damage. x2
The thrashing horror roars!
You hear a roar!
The thrashing horror tramples you but does no damage.
You block the thrashing horror's attack.
The thrashing horror tramples you!
* * * LOW HITPOINT WARNING * * *
You stumble backwards!
The thrashing horror roars!
You block the thrashing horror's attack. x2
The thrashing horror tramples you!
You die...

#........# # .##
##....##... .# ..##
X........##.# ##
#.#.##$.X.x...#.....
#..
#.##.5.#..###.##$...
#... #..Z###### .
.##... ....#.#.#
#..## ... #..XX#
.#.. ..
#...##@#......### .
### ##ยง#.##... #. .
.#..#. . ## #.. ###


You could see 3 thrashing horrors, an ufetubus and an anaconda skeleton.

Vanquished Creatures
  The ghost of ceb the Chopper, a novice MiBe of Trog (D:7)
  Prince Ribbit (D:8)
  A small abomination (Abyss:2)
  Edmund (D:4)
  Duvessa (D:5)
  2 orc warriors (D:6)
  An ice beast (D:8)
  2 sky beasts
  Purgy (Sewer)
  A phantom (D:7)
  A necrophage (D:6)
  An ogre (D:6)
  A centaur (D:6)
  4 big kobolds (D:3)
  An elf zombie (Ossuary)
  5 giant frogs
  Dowan (D:5)
  4 scorpions
  A howler monkey (D:5)
  A crimson imp (D:6)
  4 centaur zombies
  A giant frog zombie (D:7)
  A giant frog skeleton (D:7)
  A hound (D:5)
  A jelly (D:7)
  2 orc priests
  3 iguanas
  Ijyb (D:2)
  5 orc wizards
  4 worker ants
  Natasha (thrice) (D:4)
  2 big kobold zombies (Ossuary)
  2 mummies (Ossuary)
  3 gnolls (D:3)
  A howler monkey skeleton (D:8)
  10 adders
  A shadow imp (D:5)
  An ooze (D:1)
  2 adder skeletons
  An adder zombie (Ossuary)
  3 worms (D:2)
  2 dart slugs (D:1)
  5 giant geckos
  24 orcs
  9 bats
  4 giant cockroaches
  5 goblins
  12 hobgoblins
  21 jackals
  4 ball pythons
  7 giant newts
  10 hobgoblin zombies (Ossuary)
  3 jackal zombies (Ossuary)
  53 kobolds
  11 kobold zombies (Ossuary)
  7 orc zombies (Ossuary)
  7 rats
268 creatures vanquished.

Vanquished Creatures (others)
  15 fungi (D:6)
15 creatures vanquished.

Grand Total: 283 creatures vanquished

Notes
Turn   | Place    | Note
--------------------------------------------------------------
     0 | D:1      | Inkary the Hill Orc Fighter began the quest for the Orb.
     0 | D:1      | Reached XP level 1. HP: 19/19 MP: 1/1
   143 | D:1      | Reached XP level 2. HP: 25/27 MP: 2/2
   306 | D:1      | Reached skill level 4 in Fighting
   360 | D:1      | Reached XP level 3. HP: 33/33 MP: 3/3
   815 | D:2      | Noticed Ijyb
   827 | D:2      | Reached XP level 4. HP: 11/40 MP: 4/4
   847 | D:2      | Killed Ijyb
  1682 | D:3      | Reached XP level 5. HP: 40/47 MP: 5/5
  1973 | D:3      | Noticed a big kobold
  1975 | D:3      | Noticed a big kobold
  1981 | D:3      | Killed a big kobold
  1981 | D:3      | Reached skill level 5 in Fighting
  1981 | D:3      | Reached XP level 6. HP: 31/56 MP: 6/6
  1993 | D:3      | Reached skill level 5 in Shields
  1995 | D:3      | Reached skill level 5 in Armour
  2003 | D:3      | Reached skill level 5 in Axes
  2181 | D:3      | Reached XP level 7. HP: 42/61 MP: 7/7
  2628 | D:4      | Noticed Edmund
  2654 | D:4      | Killed Edmund
  2654 | D:4      | Reached skill level 6 in Fighting
  2816 | D:4      | Found a burning altar of Makhleb.
  2823 | D:4      | Noticed Natasha
  2831 | D:4      | Killed Natasha
  3020 | D:4      | Noticed Natasha
  3030 | D:4      | Killed Natasha
  3114 | D:4      | Noticed Natasha
  3119 | D:4      | Killed Natasha
  3473 | D:5      | Entered Level 5 of the Dungeon
  3477 | D:5      | Noticed Duvessa
  3478 | D:5      | Noticed Dowan
  3504 | D:5      | Killed Duvessa
  3504 | D:5      | Reached XP level 8. HP: 38/71 MP: 8/8
  3511 | D:5      | Killed Dowan
  3531 | D:5      | Found a glowing drain.
  3610 | Sewer    | Entered a sewer
  3615 | Sewer    | Noticed Purgy
  3619 | Sewer    | Killed Purgy
  3619 | Sewer    | Reached skill level 7 in Fighting
  3895 | D:5      | Found Bifank's Assorted Antiques.
  3904 | D:5      | Bought a square cabochon amulet for 130 gold pieces
  4106 | D:5      | Found an opulent altar of Gozag.
  4202 | D:5      | Got a crude rapier
  4203 | D:5      | Identified the +6 rapier of the Scavenger {freeze, +Fly rF+ MR+ Dex+4} (You found it on level 5 of the Dungeon)
  4587 | D:6      | Reached skill level 1 in Short Blades
  4761 | D:6      | Reached XP level 9. HP: 57/80 MP: 6/9
  4801 | D:6      | Found Qiemofib's Jewellery Boutique.
  5035 | D:6      | Reached skill level 8 in Fighting
  5066 | D:6      | Found a sand-covered staircase.
  5071 | Ossuary  | Entered an ossuary
  5354 | D:6      | Found an oddly glowing altar of Pakellas.
  6017 | D:7      | Noticed ceb's ghost (novice MiBe)
  6035 | D:7      | Killed ceb's ghost
  6070 | D:7      | Found a staircase to the Ecumenical Temple.
  6098 | D:7      | Reached skill level 9 in Fighting
  6101 | Temple   | Entered the Ecumenical Temple
  6142 | Temple   | Became a worshipper of Warmaster Okawaru
  6229 | D:7      | Reached XP level 10. HP: 90/90 MP: 10/10
  6647 | D:8      | Noticed Prince Ribbit
  6662 | D:8      | Killed Prince Ribbit
  6697 | D:8      | Found Apopeori's Assorted Antiques.
  6702 | D:8      | Reached * piety under Okawaru
  6718 | D:8      | Gained mutation: Your body sometimes deteriorates upon taking damage. [mutagenic meat]
  6719 | D:8      | Gained mutation: You are agile. (Dex +2) [mutagenic meat]
  6720 | D:8      | Gained mutation: You are very agile. (Dex +4) [mutagenic meat]
  6721 | D:8      | Gained mutation: Your skin changes colour to match your surroundings (Stealth). [mutagenic meat]
  6744 | D:8      | Bought a potion of curing for 57 gold pieces
  6744 | D:8      | Bought a brightly glowing flail for 161 gold pieces
  6753 | D:8      | Identified the +1 flail of Eternal Harmony {vamp, +Fly rF- rC+} (You bought it in a shop on level 8 of the Dungeon)
  6785 | D:8      | Bought a scroll labeled FESOGO AQOFRASHUNU for 19 gold pieces
  6785 | D:8      | Bought a scroll labeled VIDO JYWUG for 19 gold pieces
  6785 | D:8      | Bought a scroll labeled KUVIUW RILAISK for 19 gold pieces
  6789 | D:8      | Learned a level 1 spell: Corona
  6816 | D:8      | Noticed Erolcha
  6821 | D:8      | Cast into level 2 of the Abyss (Erolcha)
  6823 | Abyss:2  | Found a corrupted altar of Lugonu.
  6826 | Abyss:2  | Found an oddly glowing altar of Pakellas.
  6875 | Abyss:2  | Noticed a large abomination
  6945 | Abyss:2  | Found a sparkling altar of Nemelex Xobeh.
  6952 | Abyss:2  | Noticed a thrashing horror
  6961 | Abyss:2  | Noticed a thrashing horror
  6962 | Abyss:2  | HP: 1/90 [thrashing horror (5)]
  6963 | Abyss:2  | Mangled by a thrashing horror

Skill      XL: |  1  2  3  4  5  6  7  8  9 10 |
---------------+-------------------------------+-----
Fighting       | 4 5 6 7 9 |  9.4
Axes           | 3 4 5 6 7 |  7.0
Shields        | 4 5 6 7 8 |  8.5
Armour         | 4 5 6 8 |  8.5
Short Blades   | 2 4 |  4.8
Maces & Flails | |  0.7
Spellcasting   | |  0.3
Hexes          | |  0.8

Action                   |  1- 3 |  4- 6 |  7- 9 | 10-12 || total
-------------------------+-------+-------+-------+-------++-------
Melee: War axe           |   132 |   167 |    82 |       ||   381
       Flail             |       |       |   116 |    13 ||   129
       Rapier            |       |       |   306 |    46 ||   352
  Use: Potion            |       |     1 |     8 |       ||     9
       Scroll            |       |       |     4 |     3 ||     7
  Eat: Chunk             |       |     5 |    14 |     6 ||    25
       Meat ration       |       |       |       |     1 ||     1
Armor: Scale mail        |    70 |    93 |   237 |    30 ||   430
Dodge: Dodged            |    52 |    54 |   153 |    21 ||   280
Block: Shield            |    69 |   111 |   305 |    51 ||   536
